[Event "Israeli Open Championship 2019"]
[Site "Jerusalem"]
[Date "2019.12.19"]
[Round "7.11"]
[White "Sobel, Ido"]
[Black "Birnboim, Nathan"]
[Result "1-0"]
[ECO "B15"]
[WhiteElo "1711"]
[BlackElo "2393"]
[Annotator "NA RC"]
[PlyCount "91"]
[EventDate "2019.12.12"]
[EventType "swiss"]
[EventCountry "ISR"]
[SourceTitle "playchess.com"]
[Source "ChessBase"]
[SourceQuality "1"]
[TimeControl "5400+30"]

1. e4 c6 2. d4 d5 3. Nc3 dxe4 4. Nxe4 Nf6 5. Nxf6+ exf6 6. Nf3 Bd6 7. Bd3 O-O 8. O-O Nd7 9. c3 Re8 {[%emt 0:01:12] B15: Caro-Kann: 3 Nc3: 3...g6 and 3...dxe4 4 Nxe4 Nf6 5 Nxf6+ exf6} 10. Qc2 Nf8 11. Be3 (11. Bf5 Qa5 12. Bxc8 Raxc8 13. Bd2 Ne6 14. Rfe1 Qh5 15. h3 g5 16. Qb3 b6 {½-½ (30) Tomczak,J (2631)-Dragun,K (2591) Warsaw 2019}) 11... Bg4 12. Nd2 Bc7 13. Rfe1 Qd6 14. Nf1 $146 ({Predecessor:} 14. g3 Qd7 15. Ne4 f5 16. Nc5 Qc8 {0-1 (28) Sokolovsky,Y (1880)-Hansen,T (2429) Escaldes 2017}) 14... Rad8 15. f3 Bc8 16. Bf2 g6 17. Rxe8 Rxe8 18. Re1 Rxe1 19. Bxe1 Qe6 20. Qb1 Qe7 21. Qc1 Ne6 22. Bg3 Bxg3 23. Nxg3 f5 24. Ne2 Qd6 25. Bc4 b5 26. Bb3 Kg7 27. Qd2 h5 28. Bxe6 Bxe6 29. b3 a5 30. Nf4 c5 (30... a4 $11) 31. Ne2 (31. d5 $14) 31... b4 (31... c4 $15 32. b4 axb4 33. cxb4 f6) 32. c4 Bd7 33. Qe3 $11 (33. d5 $16) 33... f4 34. Qd2 Bf5 35. Kf2 g5 36. Ke1 Bg6 37. dxc5 Qxc5 38. Qd4+ Qxd4 39. Nxd4 Bb1 40. Nc6 Bxa2 41. Nxa5 Kf6 42. Kd2 Bb1 43. Nc6 g4 44. Nxb4 g3 45. h4 Bf5 46. Nd3 1-0

[Event "Israeli Open Championship 2019"]
[Site "Jerusalem"]
[Date "2019.12.19"]
[Round "7.12"]
[White "Zak, Arad"]
[Black "Friedland, Moshe"]
[Result "0-1"]
[ECO "A21"]
[WhiteElo "2076"]
[BlackElo "2267"]
[Annotator "ChessBase"]
[PlyCount "98"]
[EventDate "2019.12.12"]
[EventType "swiss"]
[EventCountry "ISR"]
[SourceTitle "playchess.com"]
[Source "ChessBase"]
[SourceQuality "1"]
[TimeControl "5400+30"]

1. c4 e5 2. Nc3 d6 3. g3 f5 4. d4 Be7 5. Bh3 Nf6 6. Nf3 e4 7. Nh4 g6 8. Bh6 Kf7 9. Be3 c6 10. f3 Kg7 11. d5 c5 12. O-O Re8 13. Qd2 f4 14. Bxc8 fxe3 15. Qxe3 Qxc8 16. fxe4 Ng4 17. Qd2 Bxh4 18. gxh4 Ne5 19. Qf4 Qd8 20. h5 Nbd7 21. Nb5 Rf8 22. Qg3 Nf6 23. Qg5 Nxh5 24. Qxd8 Rxf1+ 25. Rxf1 Rxd8 26. Nc7 Kg8 27. Ne6 Rc8 28. b3 Ng7 29. Ng5 h6 30. Nh3 Rf8 31. Rb1 b6 32. a4 Nh5 33. a5 Nf4 34. Nxf4 Rxf4 35. axb6 axb6 36. Ra1 Rxe4 37. Ra7 Re3 38. Ra3 Rxe2 39. Ra6 Nd7 40. Ra7 Re7 41. Rc7 Rf7 42. Rc6 Rf6 43. Rc7 Ne5 44. Rb7 g5 45. Rxb6 Kg7 46. Rb7+ Kg6 47. b4 cxb4 48. Rxb4 Rf4 49. Rb6 Nxc4 0-1

[Event "Israeli Open Championship 2019"]
[Site "Jerusalem"]
[Date "2019.12.19"]
[Round "7.13"]
[White "Bulkovstein, David"]
[Black "Zalkind, Konstantin"]
[Result "1/2-1/2"]
[ECO "B38"]
[WhiteElo "1889"]
[BlackElo "2162"]
[Annotator "ChessBase"]
[PlyCount "83"]
[EventDate "2019.12.12"]
[EventType "swiss"]
[EventCountry "ISR"]
[SourceTitle "playchess.com"]
[Source "ChessBase"]
[SourceQuality "1"]
[TimeControl "5400+30"]

1. e4 c5 2. Nf3 Nc6 3. d4 cxd4 4. Nxd4 g6 5. c4 Bg7 6. Be3 Nf6 7. Nc3 O-O 8. Be2 d6 9. O-O Nxd4 10. Bxd4 Be6 11. f4 Rc8 12. b3 Qa5 13. Qd3 Nd7 14. Bxg7 Kxg7 15. f5 Ne5 16. Qg3 Bd7 17. Nd5 Qd2 18. Rf2 f6 19. Rd1 Qg5 20. Nxe7 Rce8 21. Nd5 Qxg3 22. hxg3 Nc6 23. Bd3 gxf5 24. exf5 Re5 25. Rf4 Nd8 26. Kf2 Nf7 27. g4 Ng5 28. Bc2 Rfe8 29. Nc3 Nf7 30. Be4 Bc6 31. Bf3 Re3 32. Nd5 Bxd5 33. Rxd5 b6 34. Rfd4 Re1 35. Rd2 Kh6 36. Kg3 Kg7 37. R5d3 Kf8 38. Kf2 R8e5 39. Bd5 Ng5 40. Bf3 Nf7 41. Bd5 Ng5 42. Bf3 1/2-1/2

[Event "Israeli Open Championship 2019"]
[Site "Jerusalem"]
[Date "2019.12.19"]
[Round "7.14"]
[White "Slonimskij, Arkadij"]
[Black "Levitan, Ronit"]
[Result "1/2-1/2"]
[ECO "D36"]
[WhiteElo "2133"]
[BlackElo "1876"]
[Annotator "ChessBase"]
[PlyCount "64"]
[EventDate "2019.12.12"]
[EventType "swiss"]
[EventCountry "ISR"]
[SourceTitle "playchess.com"]
[Source "ChessBase"]
[SourceQuality "1"]
[TimeControl "5400+30"]

1. d4 d5 2. c4 e6 3. cxd5 exd5 4. Nc3 Nf6 5. Bg5 Be7 6. e3 Nbd7 7. Qc2 c6 8. Bd3 Nf8 9. Nf3 Be6 10. Ne5 h6 11. Bh4 g5 12. Bg3 Nh5 13. Be2 Nxg3 14. hxg3 Nd7 15. Ng4 Bf8 16. O-O-O Nf6 17. Ne5 Qc8 18. Nf3 Bf5 19. Bd3 Bxd3 20. Qxd3 Bg7 21. Kb1 Qe6 22. Ne5 O-O-O 23. f3 Nd7 24. Ng4 f5 25. Nf2 Rhe8 26. Rhe1 Nb6 27. g4 fxg4 28. Nxg4 h5 29. Nf2 Qf7 30. Re2 Kb8 31. Rde1 Re7 32. Ka1 Red7 1/2-1/2

[Event "Israeli Open Championship 2019"]
[Site "Jerusalem"]
[Date "2019.12.19"]
[Round "7.15"]
[White "Sobel, Alon"]
[Black "Sokolovsky, Yahli"]
[Result "0-1"]
[ECO "A69"]
[WhiteElo "1804"]
[BlackElo "2045"]
[Annotator "NA RC"]
[PlyCount "70"]
[EventDate "2019.12.12"]
[EventType "swiss"]
[EventCountry "ISR"]
[SourceTitle "playchess.com"]
[Source "ChessBase"]
[SourceQuality "1"]
[TimeControl "5400+30"]

1. d4 Nf6 2. c4 g6 3. Nc3 Bg7 4. e4 d6 5. f4 O-O 6. Nf3 c5 7. d5 e6 8. Be2 exd5 9. cxd5 Nbd7 10. O-O Re8 11. Nd2 c4 12. Bxc4 {[%emt 0:04:41] A69: Modern Benoni: Four Pawns Attack with 9...Re8} (12. e5 dxe5 13. Nxc4 Nb6 14. Nxe5 Nbxd5 15. Qb3 Be6 16. Nxd5 Bxd5 17. Bc4 Bxc4 18. Qxc4 Qd5 19. Qb3 Rad8 20. Be3 a6 {0-1 (35) El Gindy,E (2453)-Amin,B (2667) Livingstone 2018}) 12... Nc5 13. Re1 Qb6 14. Kh1 $146 {[%emt 0:03:17] [#]} ({Predecessor:} 14. h3 Nd3+ 15. Kh2 Nxe1 16. Qxe1 Bd7 17. Nf3 Nxe4 18. Nxe4 f5 19. Be3 Qc7 {0-1 (36) Sarki,J-Ferreira,A (2221) Dos Hermanas 2003}) 14... Ng4 $1 15. Qf3 {[%emt 0:00:11] [#]} Nd3 $1 16. Bxd3 Nf2+ 17. Kg1 Nxd3+ 18. Kf1 Nxe1 19. Kxe1 Qg1+ 20. Nf1 Bf5 21. e5 dxe5 22. Be3 exf4 23. Ne2 Rxe3 24. Qxe3 Qxe3 25. Nxe3 fxe3 26. Nc3 Rd8 27. Rd1 Bc2 28. Rc1 Bd3 29. Nd1 Bd4 30. Rc7 Rxd5 31. Rxb7 e2 32. Nc3 Bxc3+ {[%emt 0:00:15] Decoy} 33. bxc3 Rf5 34. Re7 Rf1+ 35. Kd2 Rd1+ 0-1

[Event "Israeli Open Championship 2019"]
[Site "Jerusalem"]
[Date "2019.12.19"]
[Round "7.16"]
[White "Nissim, Yonatan"]
[Black "Gunders, Elad"]
[Result "1-0"]
[ECO "D36"]
[WhiteElo "2040"]
[BlackElo "1803"]
[Annotator "NA"]
[PlyCount "67"]
[EventDate "2019.12.12"]
[EventType "swiss"]
[EventCountry "ISR"]
[SourceTitle "playchess.com"]
[Source "ChessBase"]
[SourceQuality "1"]
[TimeControl "5400+30"]

1. d4 d5 2. c4 e6 3. Nc3 Nf6 4. cxd5 exd5 5. Bg5 Nbd7 6. e3 Be7 7. Bd3 O-O 8. Qc2 c6 9. Nf3 Re8 10. O-O Ne4 11. Bxe4 dxe4 12. Nxe4 Bxg5 {[%emt 0:02:59] D36: Queen's Gambit Declined: Exchange Variation: Main line (5 Bg5 c6 6 Qc2)} 13. Nexg5 Nf6 (13... Nf8 14. Ne4 Bf5 15. Nfd2 Bg6 16. Rfe1 Qe7 17. f3 Rad8 18. Qc3 Rd5 19. b4 Ne6 20. Nc5 f5 21. Nc4 Ng5 {1-0 (41) Kharlov,A (2639)-Petukhov,V (2497) Tomsk 2001}) 14. Ne5 Be6 15. Nxe6 Rxe6 16. Rad1 $146 ({Predecessor:} 16. Rac1 Qd5 17. Qc4 Rd8 18. Qxd5 Rxd5 19. Rc2 h6 20. Rfc1 {½-½ (35) Mueller,S (1460)-Kluge,R (1499) Stennweiler 2014}) 16... Nd7 17. f4 Nxe5 18. fxe5 Qe7 19. Qf5 f6 20. exf6 Rxf6 21. Qd3 Raf8 22. Rxf6 Qxf6 23. Rd2 Qh4 24. Re2 Qf6 25. Qd1 Qe7 26. e4 c5 27. d5 Qe5 28. Qd3 $16 b6 29. d6 Rd8 30. Rd2 Kf7 31. Qc4+ Ke8 32. Qg8+ Kd7 33. Qf7+ Kc8 34. Qc7# 1-0

[Event "Israeli Open Championship 2019"]
[Site "Jerusalem"]
[Date "2019.12.19"]
[Round "7.17"]
[White "Elsner, Yair"]
[Black "Kuritz, Zvi"]
[Result "0-1"]
[ECO "E17"]
[WhiteElo "1585"]
[BlackElo "1907"]
[Annotator "NA"]
[PlyCount "50"]
[EventDate "2019.12.12"]
[EventType "swiss"]
[EventCountry "ISR"]
[SourceTitle "playchess.com"]
[Source "ChessBase"]
[SourceQuality "1"]
[TimeControl "5400+30"]

1. Nf3 Nf6 2. c4 b6 3. g3 Bb7 4. Bg2 e6 5. O-O Be7 6. d4 O-O 7. Re1 c5 8. d5 {[%emt 0:02:38] E17: Queen's Indian: 4 g3 Bb7 5 Bg2 Be7} exd5 9. Nh4 b5 (9... Ne4 10. cxd5 Bxh4 11. Bxe4 Bf6 12. Nc3 d6 13. Bg2 Re8 14. Bf4 Na6 15. Ne4 Be7 {½-½ (49) Nakamura,H (2749)-Iturrizaga Bonelli,E (2637) chess.com INT 2019}) 10. cxd5 d6 11. Nf5 $146 ({Predecessor:} 11. e4 Re8 12. Nf5 Bf8 13. Bf4 Bc8 14. a4 b4 15. Nd2 Bxf5 16. exf5 Rxe1+ 17. Qxe1 {1-0 (39) Bellmann,H (2166)-Firsching,G (2017) Germany 1998}) 11... Nbd7 12. Bf4 Nb6 13. e4 Qd7 14. Nxe7+ Qxe7 15. Nc3 Qd7 16. Bxd6 Qxd6 17. e5 Qd8 18. exf6 Qxf6 19. Nxb5 Qxb2 20. Nxa7 Rxa7 21. Rb1 Qf6 22. d6 $2 (22. Qb3 Nd7 23. a4) 22... Bxg2 23. Rxb6 $19 Rxa2 24. Re2 Bf3 25. Qb3 Ra1+ 0-1

[Event "Israeli Open Championship 2019"]
[Site "Jerusalem"]
[Date "2019.12.19"]
[Round "7.18"]
[White "Gruzman, Ilya"]
[Black "Leor, Ephraim"]
[Result "1-0"]
[ECO "B07"]
[WhiteElo "1889"]
[BlackElo "1704"]
[Annotator "NA"]
[PlyCount "113"]
[EventDate "2019.12.12"]
[EventType "swiss"]
[EventCountry "ISR"]
[SourceTitle "playchess.com"]
[Source "ChessBase"]
[SourceQuality "1"]
[TimeControl "5400+30"]

1. e4 g6 2. d4 Bg7 3. Nc3 d6 4. Bc4 Nf6 5. Qe2 Nc6 6. e5 Nxd4 7. exf6 Nxe2 8. fxg7 Rg8 9. Ngxe2 Rxg7 10. Bh6 Rg8 11. O-O-O c6 12. Bg5 {[%emt 0:09:30] B07: Pirc Defence: Miscellaneous Systems} (12. Rhe1 Be6 13. Bxe6 fxe6 14. Nf4 e5 15. Rxe5 dxe5 16. Rxd8+ Rxd8 17. Ne6 Rd6 18. Ng5 Rf6 19. Nce4 b6 {1-0 (74) Yandemirov,V (2483)-Feoktistov,A (2435) St Petersburg 2003}) 12... b5 $146 (12... Qa5 $17 13. Bd2 Qc7) ({Predecessor:} 12... Qc7 13. Rhe1 b5 14. Bb3 b4 15. Ne4 d5 16. Nc5 f6 17. Be3 e6 {1-0 (29) Eichner,M (2007)-Walch,I (2111) Bayern 2014}) 13. Nd4 bxc4 14. Nxc6 Qc7 (14... Qb6 $11 {remains equal.} 15. Nxe7 Kf8) 15. Nxe7 Qxe7 16. Bxe7 Kxe7 17. Nd5+ Kd8 18. Nf6 Rh8 19. Rxd6+ Ke7 20. Rhd1 Be6 21. Ne4 Rac8 22. f3 h6 23. Nc3 Rb8 24. Ra6 Rb7 25. Rd4 Rhb8 26. Nd1 Kf8 27. Kd2 h5 28. h4 Kg7 29. Kc3 Kh6 30. Ne3 Rxb2 31. Rxa7 Rb1 32. a4 Re1 33. Re4 Ra1 34. g4 Ra3+ 35. Kd4 Rd8+ 36. Ke5 ({White has to play} 36. Kc5 $18 Rd7 37. Nxc4 Rxa7 38. Nxa3) 36... hxg4 37. fxg4 Kg7 38. Kf4 Kg8 39. Kg5 Rxe3 $18 (39... Kf8 40. Nxc4 Bxc4) 40. Rxe3 Kf8 41. Kf6 Bd5 42. h5 Rd6+ 43. Kg5 gxh5 44. gxh5 Kg7 45. a5 Be6 46. a6 Rd5+ 47. Kh4 Kh6 48. Ra8 Rxh5+ 49. Kg3 Rh3+ 50. Kf4 Rh4+ 51. Ke5 Rh5+ 52. Kd6 Kg6 53. a7 Rd5+ 54. Kc6 Ra5 55. Kb6 Ra2 56. Rg8+ Kh7 57. a8=Q 1-0

[Event "Israeli Open Championship 2019"]
[Site "Jerusalem"]
[Date "2019.12.20"]
[Round "8.11"]
[White "Kuritz, Zvi"]
[Black "Nissim, Yonatan"]
[Result "0-1"]
[ECO "B23"]
[WhiteElo "1907"]
[BlackElo "2040"]
[Annotator "NA RC"]
[PlyCount "94"]
[EventDate "2019.12.12"]
[EventType "swiss"]
[EventCountry "ISR"]
[SourceTitle "playchess.com"]
[Source "ChessBase"]
[SourceQuality "1"]
[TimeControl "5400+30"]

1. e4 c5 2. Nc3 g6 3. f4 Bg7 4. Nf3 Nc6 5. d3 e6 6. e5 {[%emt 0:03:46] B23: Closed Sicilian: Lines without g3} (6. g3 Nge7 7. Bg2 f5 8. O-O d5 9. e5 Qd7 10. d4 cxd4 11. Ne2 b6 12. Nexd4 Ba6 13. Rf2 O-O 14. Be3 Rfd8 15. Rd2 Rac8 16. Bh3 h5 17. Bg2 Nxd4 18. Nxd4 Nc6 19. Nxc6 Qxc6 20. c3 Bf8 21. Bd4 Be7 22. Qf3 {½-½ (22) Gelashvili,T (2547)-Anastasian,A (2591) Dubai 2002}) 6... d6 7. exd6 Qxd6 8. Be3 b6 9. Be2 $146 ({Predecessor:} 9. Ne4 Qd7 10. c3 f5 11. Nf2 Nge7 12. Qd2 e5 13. fxe5 Nxe5 14. Nxe5 Bxe5 {½-½ (29) Budzinski,J (1846)-Musialkiewicz,J (2115) Chotowa 2009}) 9... Nge7 10. O-O O-O 11. Nd2 Nf5 12. Nc4 Nxe3 13. Nxd6 Nxd1 14. Raxd1 Nd4 15. Nxc8 Raxc8 16. Rd2 c4 17. Bd1 Rfd8 18. Ne4 e5 19. dxc4 (19. fxe5 $11 Bh6 20. c3) 19... f5 20. Ng5 e4 ({Don't blunder} 20... Rxc4 $2 21. c3 $18) (20... h6 $17 21. c3 hxg5 22. cxd4 gxf4) 21. c3 e3 (21... h6 $11 {keeps the balance.} 22. Nxe4 fxe4 23. cxd4 Bxd4+ 24. Kh1 Kg7) 22. Rxd4 Bxd4 23. cxd4 Rxd4 24. b3 (24. Re1 $142) 24... h6 25. Nf3 Rxf4 26. Bc2 Re8 27. Re1 g5 28. Re2 Kf7 29. Ne1 Kf6 30. g3 Rd4 31. h3 f4 32. gxf4 gxf4 33. Kf1 $2 {[%emt 0:03:27] [#]} (33. Nf3 $15 Rg8+ 34. Rg2) 33... Rg8 $2 (33... f3 $1 $19 34. Nxf3 Rf4) 34. Rg2 $2 (34. Nf3 $15 Rd7 35. Be4) 34... Rxg2 35. Kxg2 Rd2+ 36. Kf3 Ke5 37. Bd3 Rf2+ 38. Kg4 Kd4 39. c5 bxc5 40. Bc4 e2 41. Nf3+ {[%emt 0:02:42] [#]} Rxf3 $1 {[%emt 0:00:37] Promotion} 42. Bxe2 Rf2 43. Bc4 Ke3 44. a4 f3 $19 45. h4 Re2 46. Kg3 Rg2+ 47. Kh3 Rg7 0-1

[Event "Israeli Open Championship 2019"]
[Site "Jerusalem"]
[Date "2019.12.20"]
[Round "8.17"]
[White "Levitan, Ronit"]
[Black "Zak, Arad"]
[Result "0-1"]
[ECO "B04"]
[WhiteElo "1876"]
[BlackElo "2076"]
[Annotator "NA RC"]
[PlyCount "108"]
[EventDate "2019.12.12"]
[EventType "swiss"]
[EventCountry "ISR"]
[SourceTitle "playchess.com"]
[Source "ChessBase"]
[SourceQuality "1"]
[TimeControl "5400+30"]

1. e4 Nf6 2. e5 Nd5 3. d4 d6 4. Nf3 dxe5 5. Nxe5 c6 6. Be2 Bf5 {[%emt 0:05:41] B04: Alekhine's Defence: 4 Nf3} 7. a3 (7. c3 Nd7 8. Nf3 e6 9. O-O Bd6 10. Re1 O-O 11. Nbd2 h6 12. Nc4 Bc7 13. a4 a5 14. Bd3 {1-0 (40) Vachier Lagrave,M (2779)-Dominguez Perez,L (2739) chess.com INT 2018}) 7... Nd7 8. Nf3 Qc7 9. O-O e6 10. c4 $146 ({Predecessor:} 10. g3 Bd6 11. c4 N5f6 12. c5 Be7 13. Bf4 Qc8 14. Nc3 {1-0 (60) Singer,C (2362)-Huber,S (2030) Munich 2011}) 10... Nf4 11. Nc3 Nf6 12. Ne5 Nxe2+ 13. Nxe2 Bd6 14. Ng3 Bg6 15. Bf4 Nd7 16. Nxg6 hxg6 17. Bxd6 Qxd6 18. Re1 Nf6 19. h3 Rh4 20. Qb3 O-O-O 21. c5 (21. Ne2 $11) 21... Qd5 22. Qxd5 Nxd5 23. Ne4 Rd7 24. Rad1 Kd8 25. Nd6 Nf6 26. Rd3 Ne8 27. Nxe8 Kxe8 28. g4 Ke7 29. Kg2 Rh8 30. f4 Rhd8 31. Red1 Rd5 32. Kf3 g5 33. fxg5 Rxg5 34. Rb3 Rd7 35. h4 Rgd5 36. g5 Kd8 37. Ke4 Kc7 38. Rbd3 Kd8 39. Rb3 Ke7 40. Rbd3 f5+ 41. gxf6+ gxf6 42. Rh1 e5 43. h5 Rxd4+ 44. Rxd4 Rxd4+ 45. Ke3 Rd8 46. Rg1 Kf7 47. h6 {[%emt 0:00:04] [#]} Rg8 $1 48. Rd1 Ke7 49. Ke4 $2 (49. Rh1 $17 {was worth a try.}) 49... Rg4+ 50. Kf5 Rg5+ 51. Ke4 Rh5 52. Rg1 Rxh6 53. Rg7+ Ke6 54. Rxb7 $2 (54. Kd3 $19 b5 55. cxb6 axb6 56. a4) 54... Rh3 0-1

[Event "Israeli Open Championship 2019"]
[Site "Jerusalem"]
[Date "2019.12.22"]
[Round "9.1"]
[White "Lahav, Michal"]
[Black "Rechlis, Gad"]
[Result "1-0"]
[ECO "A49"]
[WhiteElo "2244"]
[BlackElo "2490"]
[Annotator "ChessBase"]
[PlyCount "103"]
[EventDate "2019.12.12"]
[EventType "swiss"]
[EventCountry "ISR"]
[SourceTitle "playchess.com"]
[Source "ChessBase"]
[SourceQuality "1"]
[TimeControl "5400+30"]

1. d4 Nf6 2. Nf3 d6 3. g3 g6 4. Bg2 Bg7 5. O-O O-O 6. Nc3 Nbd7 7. d5 Nb6 8. Nd4 e5 9. dxe6 fxe6 10. Qd3 e5 11. Nf3 Qe8 12. e4 d5 13. Re1 d4 14. Nb5 Qe7 15. c3 c6 16. Na3 c5 17. cxd4 cxd4 18. Bd2 Ne8 19. Nc2 Qf6 20. Kh1 Bg4 21. Ng1 Qxf2 22. Rf1 Nd6 23. Rxf2 Rxf2 24. h3 Bd7 25. Na3 Bc6 26. Re1 Na4 27. b4 b5 28. Nf3 Nb2 29. Qb3+ Nbc4 30. Kg1 Rxg2+ 31. Kxg2 Kh8 32. Bc1 Rc8 33. Nxc4 bxc4 34. Qa3 c3 35. b5 Nxb5 36. Qe7 d3 37. Qe6 Bb7 38. Nxe5 h6 39. Nxd3 Nd4 40. Qxg6 Rc6 41. Qe8+ Kh7 42. Qd7 Bc8 43. Qxa7 Ra6 44. Qc7 Rxa2+ 45. Nf2 Bxh3+ 46. Kxh3 Rxf2 47. Be3 Ne6 48. Qxg7+ Kxg7 49. Bxf2 Kf6 50. Rc1 Ng5+ 51. Kg2 Nxe4 52. Bd4+ 1-0

[Event "Israeli Open Championship 2019"]
[Site "Jerusalem"]
[Date "2019.12.22"]
[Round "9.6"]
[White "Sokolovsky, Yahli"]
[Black "Gorodetzky, Matan"]
[Result "0-1"]
[ECO "C02"]
[WhiteElo "2045"]
[BlackElo "2284"]
[Annotator "ChessBase"]
[PlyCount "57"]
[EventDate "2019.12.12"]
[EventType "swiss"]
[EventCountry "ISR"]
[SourceTitle "playchess.com"]
[Source "ChessBase"]
[SourceQuality "1"]
[TimeControl "5400+30"]

1. e4 e6 2. d4 d5 3. e5 c5 4. c3 Nc6 5. Nf3 Bd7 6. Be2 Nge7 7. Na3 cxd4 8. cxd4 Nf5 9. Nc2 Qb6 10. O-O a5 11. Kh1 Rc8 12. a3 a4 13. Rb1 Na5 14. g4 Ne7 15. Bd2 Nb3 16. Bb4 Ng6 17. Bd2 Be7 18. Be3 O-O 19. Nd2 f6 20. f4 fxe5 21. fxe5 Rxf1+ 22. Bxf1 Bb5 23. Bxb5 Qxb5 24. Kg1 Qd3 25. Nxb3 Qxb3 26. Rc1 Rxc2 27. Rxc2 Qxe3+ 28. Kh1 Nf4 29. Qd2 0-1

[Event "Israeli Open Championship 2019"]
[Site "Jerusalem"]
[Date "2019.12.22"]
[Round "9.8"]
[White "Tsyn, Igor"]
[Black "Cohen Revivo, Shoham"]
[Result "1/2-1/2"]
[ECO "B31"]
[WhiteElo "2154"]
[BlackElo "2261"]
[Annotator "NA"]
[PlyCount "50"]
[EventDate "2019.12.12"]
[EventType "swiss"]
[EventCountry "ISR"]
[SourceTitle "playchess.com"]
[Source "ChessBase"]
[SourceQuality "1"]
[TimeControl "5400+30"]

1. e4 c5 2. Nf3 Nc6 3. Bb5 g6 4. Bxc6 bxc6 5. O-O Bg7 6. Re1 Nh6 7. c3 O-O 8. d4 cxd4 9. cxd4 d5 10. e5 f6 11. exf6 exf6 12. Nbd2 Nf7 13. Nb3 Re8 14. Bd2 Bg4 15. h3 Rxe1+ 16. Bxe1 Bxf3 17. Qxf3 Ng5 18. Qd3 Ne4 19. Rc1 Qe8 20. Na5 Bh6 21. Rxc6 Ng3 22. Bc3 Ne2+ 23. Kf1 Nf4 24. Qf3 Rc8 25. Bd2 Rxc6 1/2-1/2

[Event "Israeli Open Championship 2019"]
[Site "Jerusalem"]
[Date "2019.12.22"]
[Round "9.9"]
[White "Tifferet, Shaked"]
[Black "Kunin, Michael"]
[Result "1-0"]
[ECO "B41"]
[WhiteElo "2232"]
[BlackElo "2102"]
[Annotator "ChessBase"]
[PlyCount "69"]
[EventDate "2019.12.12"]
[EventType "swiss"]
[EventCountry "ISR"]
[SourceTitle "playchess.com"]
[Source "ChessBase"]
[SourceQuality "1"]
[TimeControl "5400+30"]

1. e4 c5 2. Nf3 e6 3. d4 cxd4 4. Nxd4 a6 5. c4 Nf6 6. Nc3 d6 7. Be3 Qc7 8. g4 h6 9. Be2 b6 10. f3 Bb7 11. Qd2 Nbd7 12. O-O-O Ne5 13. Kb1 Rc8 14. Rc1 Qd7 15. b3 d5 16. f4 dxc4 17. fxe5 Nxe4 18. Qb2 Nxc3+ 19. Qxc3 Bxh1 20. Rxh1 Bc5 21. b4 Be7 22. Rd1 Qa4 23. Nc2 O-O 24. Rd4 Qc6 25. Rxc4 Qh1+ 26. Kb2 Rxc4 27. Qxc4 b5 28. Qc7 Qxh2 29. Bd3 Bxb4 30. a3 Bd2 31. Bc5 Bf4 32. Bd6 f6 33. exf6 Rxf6 34. Qd8+ Kf7 35. Qf8# {[%emt 0:14:26] Kg8 Qf7+ Rxf7} 1-0

[Event "Israeli Open Championship 2019"]
[Site "Jerusalem"]
[Date "2019.12.22"]
[Round "9.10"]
[White "Iliaguev, Nisim"]
[Black "Slonimskij, Arkadij"]
[Result "1-0"]
[ECO "A33"]
[WhiteElo "2275"]
[BlackElo "2133"]
[Annotator "NA"]
[PlyCount "55"]
[EventDate "2019.12.12"]
[EventType "swiss"]
[EventCountry "ISR"]
[SourceTitle "playchess.com"]
[Source "ChessBase"]
[SourceQuality "1"]
[TimeControl "5400+30"]

1. d4 Nf6 2. c4 e6 3. g3 c5 4. Nf3 cxd4 5. Nxd4 Nc6 6. Bg2 Be7 7. O-O O-O 8. Nc3 a6 9. b3 Qc7 10. Bb2 d6 11. Rc1 Nxd4 12. Qxd4 Bd7 13. Rfd1 e5 14. Qd3 Bc6 15. Nd5 Bxd5 16. Bxd5 Rfd8 17. Bg2 Rab8 18. b4 Qd7 19. Qb3 Qe6 20. Bd5 Qh3 21. Qf3 b6 22. a4 Nxd5 23. Rxd5 Qc8 24. Ba3 Qc6 25. b5 Qa8 26. Qd3 axb5 27. axb5 Re8 28. Bxd6 1-0

[Event "Israeli Open Championship 2019"]
[Site "Jerusalem"]
[Date "2019.12.22"]
[Round "9.11"]
[White "Zak, Arad"]
[Black "Shtemler, Lavi"]
[Result "0-1"]
[ECO "B38"]
[WhiteElo "2076"]
[BlackElo "2181"]
[Annotator "ChessBase"]
[PlyCount "80"]
[EventDate "2019.12.12"]
[EventType "swiss"]
[EventCountry "ISR"]
[SourceTitle "playchess.com"]
[Source "ChessBase"]
[SourceQuality "1"]
[TimeControl "5400+30"]

1. e4 c5 2. Nf3 Nc6 3. d4 cxd4 4. Nxd4 g6 5. c4 Bg7 6. Be3 Qb6 7. Nb5 Qa5+ 8. N1c3 Nf6 9. f3 O-O 10. Be2 a6 11. Nd4 d6 12. Qd2 Bd7 13. O-O Rfc8 14. Rfd1 Nxd4 15. Bxd4 b5 16. Bxf6 Bxf6 17. Nd5 Qxd2 18. Nxf6+ Kg7 19. Rxd2 Kxf6 20. Rc1 Be6 21. Rdc2 b4 22. c5 Bxa2 23. cxd6 Rxc2 24. Rxc2 exd6 25. Rc6 a5 26. Rxd6+ Ke5 27. Rc6 Kd4 28. Kf2 Be6 29. g4 Rc8 30. Rd6+ Ke5 31. Ra6 Kf4 32. Bd3 Rc5 33. Rb6 h5 34. h3 h4 35. Ra6 Rc1 36. Rxa5 Rd1 37. Be2 Rd2 38. Ke1 Rxb2 39. Ra7 Ke3 40. Bd1 Rh2 0-1

[Event "Israeli Open Championship 2019"]
[Site "Jerusalem"]
[Date "2019.12.22"]
[Round "9.12"]
[White "Sobel, Ido"]
[Black "Zalkind, Konstantin"]
[Result "0-1"]
[ECO "B07"]
[WhiteElo "1711"]
[BlackElo "2162"]
[Annotator "NA"]
[PlyCount "60"]
[EventDate "2019.12.12"]
[EventType "swiss"]
[EventCountry "ISR"]
[SourceTitle "playchess.com"]
[Source "ChessBase"]
[SourceQuality "1"]
[TimeControl "5400+30"]

1. e4 d6 2. Nc3 Nf6 3. Bc4 c6 4. Bb3 d5 5. e5 Ng4 6. d4 g6 7. Nf3 Bg7 8. Bf4 f6 9. Qe2 O-O 10. Bg3 Na6 11. O-O-O Nc7 12. Rhe1 Ne6 13. Nh4 Nh6 14. h3 Kh8 15. Bh2 Bd7 16. g4 Qb6 17. exf6 Bxf6 18. Be5 Nf7 19. Bxf6+ exf6 20. Qd2 Rae8 21. Re3 Kg7 22. Ne2 Nd6 23. Ng3 Ng5 24. Rh1 Nde4 25. Nxe4 Nxe4 26. Qe2 Qxd4 27. c3 Qc5 28. Re1 Ng5 29. Qd3 Rxe3 30. Rxe3 Re8 0-1

[Event "Israeli Open Championship 2019"]
[Site "Jerusalem"]
[Date "2019.12.22"]
[Round "9.13"]
[White "Uritsky, Yonathan"]
[Black "Golberg, Igor"]
[Result "0-1"]
[ECO "A13"]
[WhiteElo "1881"]
[BlackElo "2156"]
[Annotator "NA"]
[PlyCount "72"]
[EventDate "2019.12.12"]
[EventType "swiss"]
[EventCountry "ISR"]
[SourceTitle "playchess.com"]
[Source "ChessBase"]
[SourceQuality "1"]
[TimeControl "5400+30"]

1. c4 e6 2. g3 d5 3. Bg2 c6 4. Nf3 Nd7 5. b3 a5 6. Bb2 a4 7. O-O Ngf6 8. d3 Be7 9. Nbd2 b5 10. Rc1 Bb7 11. Qc2 a3 12. Ba1 Rc8 13. Rfd1 O-O 14. e3 Qb6 15. Nf1 Rfd8 16. h3 c5 17. Qe2 Bd6 18. N3d2 Be5 19. e4 Bxa1 20. Rxa1 dxe4 21. dxe4 b4 22. f4 Nb8 23. e5 Ne8 24. Ne4 Nc6 25. Qh5 h6 26. g4 Nd4 27. g5 g6 28. Qh4 h5 29. Ne3 Bxe4 30. Bxe4 Ne2+ 31. Kf1 Nc3 32. Rxd8 Qxd8 33. Bc2 Qd2 34. Qf2 Rd8 35. Nd1 Qxf2+ 36. Nxf2 Rd2 0-1